 Dungeon Crawl Stone Soup version 0.30-a0-377-g5cb311bc9f (webtiles) character file.

Game seed: 11210912964778522583

3710 Essalna the Zephyrmancer (level 10, 0/64 HPs)
             Began as a Tengu Air Elementalist on Nov 30, 2022.
             Was an Initiate of Vehumet.
             Slain by a kobold brigand
             ... wielding a +0 dagger
              (7 damage)
             ... on level 8 of the Dungeon.
             The game lasted 00:20:09 (9600 turns).

Essalna the Zephyrmancer (Tengu Air Elementalist)   Turns: 9600, Time: 00:20:09

Health: 0/64       AC:  6    Str: 16    XL:     10   Next: 14%
Magic:  9/14       EV: 15    Int: 19    God:    Vehumet [......]
Gold:   367        SH:  0    Dex: 14    Spells: 7/13 levels left

rFire   + . .      SeeInvis .    k - +4 flail (venom)
rCold   . . .      Faith    .    (no shield)
rNeg    . . .      Spirit   .    C - +0 steam dragon scales
rPois   .          Reflect  .    (helmet restricted)
rElec   .          Harm     .    h - scarf {shadows}
rCorr   .          Rampage  .    s - +0 pair of gloves
Will    .....                    (boots unavailable)
Stlth   ++........               (no amulet)
HPRegen 0.30/turn                e - ring of protection from fire
MPRegen 0.14/turn                l - +6 ring of strength

@: flying quickly and evasively, quick
A: beak, talons 3, nimble flight
a: Renounce Religion


You were on level 8 of the Dungeon.
You worshipped Vehumet.
Vehumet was noncommittal.
You visited 2 branches of the dungeon, and saw 9 of its levels.
You also visited: Sewer.

You collected 367 gold pieces.

Inventory:

Hand Weapons
 j - a +0 dagger of venom
 k - a +4 flail of venom (weapon)
 p - a +2 dagger of protection
Missiles
 b - a throwing net
Armour
 a - a +0 robe
 h - a scarf of shadows (worn)
 s - a +0 pair of gloves (worn)
 v - the +1 robe of Muogocle {rPois}
   (You found it on level 5 of the Dungeon)

   rPois:     It protects you from poison.
 C - +0 steam dragon scales (worn)
Magical Staves
 A - a staff of death
Jewellery
 e - a ring of protection from fire (left hand)
 l - a +6 ring of strength (right hand)
Wands
 c - a wand of charming (2)
Scrolls
 d - 5 scrolls of identify
 q - a scroll of teleportation
 w - a scroll of poison
 x - a scroll of immolation
 y - 4 scrolls of magic mapping
Potions
 f - a potion of resistance {unknown}
 g - a potion of mutation
 i - 3 potions of cancellation {unknown}
 m - a potion of berserk rage {unknown}
 n - 2 potions of heal wounds {unknown}
 o - 2 potions of curing
 r - a potion of might {unknown}
 t - 3 potions of flight {unknown}
 u - a potion of haste {unknown}
 z - a potion of attraction {unknown}
 B - a potion of invisibility {unknown}


   Skills:
 + Level 8.0 Fighting
 + Level 1.3 Armour
 + Level 2.7 Dodging
 - Level 2.0 Stealth
 + Level 2.3 Spellcasting
 + Level 10.6 Conjurations
 + Level 11.2 Air Magic


You had 7 spell levels left.
You knew the following spells:

 Your Spells              Type           Power      Damage    Failure   Level
a - Shock                 Conj/Air       100%       1d9       1%          1
b - Static Discharge      Conj/Air       86%        2-6/arc   1%          2
c - Swiftness             Air            44%        N/A       1%          3

Your spell library contained the following spells:

 Spells                   Type           Power      Damage    Failure   Level
 Kiss of Death            Conj/Necr      88%        2d12      1%          1
 Airstrike                Air            22%        2d(4-20)  1%          4
 Stone Arrow              Conj/Erth      44%        3d9       5%          3
 Kindle Blastsparks       Fire/Tloc/Air  32%        2d12      11%         3
 Sandblast                Erth           4%         2d4       16%         1
 Freezing Cloud           Conj/Ice/Air   14%        6-21      22%         5
 Passwall                 Tmut/Erth      1%         N/A       24%         2
 Confusing Touch          Hex            2%         N/A       43%         3
 Ignite Poison            Fire/Tmut/Pois 2%         N/A       43%         3
 Dispel Undead            Necr           2%         3d7       85%         4
 Leda's Liquefaction      Hex/Erth       1%         N/A       85%         4
 Lee's Rapid Deconstruct  Erth           1%         3d4*      99%         5
 Statue Form              Tmut/Erth      1%         N/A       100%        6


Dungeon Overview and Level Annotations

Branches:
Dungeon (8/15)             Temple (1/1) D:7           Sewer (visited)
   Lair: D:8-11

Altars:
Ashenzari
Cheibriados
Elyvilon
Fedhas
Gozag
Kikubaaqudgha
Okawaru
Qazlal
Ru
Sif Muna
Vehumet
Wu Jian

Annotations:
D:4 2 runed translucent doors


Innate Abilities, Weirdness & Mutations

You have a beak for a mouth.
You have claws for feet.
Your magical nature lets you fly swiftly and evasively.


Message History

You kill the gnoll!
Vehumet accepts your kill.
You hear a splash.
The lightning grounds out.
The kobold brigand throws a curare-tipped dart.
The curare-tipped dart closely misses you.
The kobold brigand hits you but does no damage.
Items here: ( )) [ ††.
You barely miss the kobold brigand. You claw the kobold brigand.
You peck the kobold brigand, but do no damage.
The kobold brigand is lightly wounded.
The kobold brigand hits you with a +0 dagger.
* * * LOW HITPOINT WARNING * * *
The kobold brigand hits you but does no damage.
You closely miss the kobold brigand.
You peck the kobold brigand, but do no damage.
The kobold brigand is lightly wounded.
The gnoll bouda hits you with a +0 whip.
* * * LOW HITPOINT WARNING * * *
The kobold brigand hits you but does no damage.
Casting: Static Discharge (safe; 1% risk of failure)
Confirm with . or Enter, or press ? or * to list all spells.
The kobold brigand is struck by an arc of lightning.
The kobold brigand is moderately wounded.
You are struck by an arc of lightning.
* * * LOW HITPOINT WARNING * * *
The gnoll is struck by an arc of lightning.
The gnoll is lightly wounded.
The lightning grounds out.
The gnoll bouda is struck by an arc of lightning.
The gnoll bouda is lightly wounded.
You are struck by an arc of lightning.
* * * LOW HITPOINT WARNING * * *
The kobold brigand is struck by an arc of lightning.
The kobold brigand is heavily wounded.
The lightning grounds out.
The gnoll shouts!
You hear a shout! x2
The gnoll bouda closely misses you.
The kobold brigand hits you with a +0 dagger!
You die...

.. ###..
g.g#####.....
#......!.......
+.............. #...
#...# # ###... #.g.#
P. ...... #...# ...
......####...####....
.....K@g.g...........
......)g....~...~~~~~
~~~≈≈..~≈≈~≈~~.~~≈≈≈≈
≈≈≈≈~≈≈~≈≈≈≈~≈≈~≈≈≈≈≈
≈≈≈~≈≈≈≈≈≈≈≈≈≈≈≈≈≈≈≈≈
#####################


You could see a kobold brigand, a gnoll bouda and 2 gnolls.

Vanquished Creatures
  A steam dragon (D:6)
  2 vampire mosquitoes (D:8)
  2 water moccasins
  A sky beast (D:7)
  Pargi (Sewer)
  2 ogres (D:5)
  4 orc warriors
  A black bear (D:5)
  2 centaurs (D:7)
  3 phantoms
  A kobold brigand (D:7)
  A bullfrog (D:8)
  A necrophage (D:6)
  13 wights
  4 killer bees (D:7)
  3 howler monkeys (D:8)
  4 jellies
  2 hounds
  3 orc priests
  5 iguanas
  4 orc wizards
  2 gnolls (D:8)
  7 adders
  A shadow imp (D:5)
  3 white imps
  An ufetubus (D:7)
  5 dart slugs
  19 orcs
  8 endoplasms
  6 giant cockroaches
  5 goblins
  9 hobgoblins
  6 jackals
  3 quokkas
  10 ball pythons
  8 bats
  6 frilled lizards
  13 kobolds
  3 rats
175 creatures vanquished.

Vanquished Creatures (others)
  79 plants (D:8)
79 creatures vanquished.

Grand Total: 254 creatures vanquished

Notes
Turn   | Place    | Note
-------+----------+-------------------------------------------
     0 | D:1      | Essalna the Tengu Air Elementalist began the quest for the
                  | Orb.
     0 | D:1      | Reached XP level 1. HP: 10/10 MP: 4/4
   178 | D:1      | Reached XP level 2. HP: 12/16 MP: 1/6
   452 | D:1      | Reached skill level 1 in Fighting
   647 | D:1      | Reached XP level 3. HP: 20/20 MP: 3/7
  1304 | D:2      | Found a faded altar of an unknown god.
  1538 | D:2      | Reached skill level 5 in Air Magic
  1538 | D:2      | Reached XP level 4. HP: 26/26 MP: 5/8
  2342 | D:3      | Gained mutation: Your magical nature lets you fly swiftly
                  | and evasively. [Tengu growth]
  2342 | D:3      | Reached XP level 5. HP: 31/31 MP: 2/9
  3104 | D:4      | Found a large runed translucent door.
  3105 | D:4      | Found a large runed translucent door.
  3181 | D:4      | Found a glowing drain.
  3189 | Sewer    | Entered a sewer
  3218 | Sewer    | Learned a level 2 spell: Static Discharge
  3222 | Sewer    | Learned a level 3 spell: Swiftness
  3365 | Sewer    | Noticed Pargi
  3387 | Sewer    | Killed Pargi
  3388 | Sewer    | Reached skill level 6 in Air Magic
  3388 | Sewer    | Reached XP level 6. HP: 8/37 MP: 1/10
  4388 | D:5      | Entered Level 5 of the Dungeon
  4444 | D:5      | Identified the +1 robe of Muogocle {rPois}
  4466 | D:5      | Found an ornate altar of the Wu Jian Council.
  4526 | D:5      | Found a shimmering blue altar of Sif Muna.
  4713 | D:5      | Reached skill level 5 in Conjurations
  5002 | D:5      | Reached XP level 7. HP: 38/42 MP: 2/11
  5263 | D:5      | Reached skill level 7 in Air Magic
  5491 | D:5      | Reached skill level 5 in Fighting
  5491 | D:5      | Reached XP level 8. HP: 35/49 MP: 9/12
  5496 | D:5      | Reached skill level 8 in Air Magic
  6570 | D:6      | Reached skill level 9 in Air Magic
  6772 | D:6      | Reached XP level 9. HP: 45/55 MP: 4/13
  7744 | D:8      | Reached skill level 10 in Air Magic
  8517 | D:7      | Found a staircase to the Ecumenical Temple.
  8530 | D:7      | Reached skill level 10 in Conjurations
  8594 | Temple   | Entered the Ecumenical Temple
  8717 | Temple   | Became a worshipper of Vehumet
  9115 | D:8      | Reached skill level 11 in Air Magic
  9115 | D:8      | Reached XP level 10. HP: 28/64 MP: 3/14
  9385 | D:8      | Reached skill level 1 in Armour
  9600 | D:8      | Slain by a kobold brigand

Illustrated notes

Levels and vault maps discovered:
D:1:      dpeg_arrival_arbitrary_c, layout_loops_ring, minmay_cupped
D:2:      layout_rooms, hellmonk_ecumenical_altar_pennies_from_heaven
D:3:      layout_basic, serial_co_window_serial, co_window_paths_b,
          co_window_paths_a, co_window_paths_a, co_window_paths_a,
          co_window_paths_b, co_window_paths_a, co_window_of_opportunity_a,
          co_window_broadway_b, co_window_broadway_c, co_window_corner_cb,
          co_window_unsneaky_path_d, co_window_4corner_a, glass_columns_a,
          glass_columns_a, glass_columns_a, glass_columns_b, glass_columns_a
D:4:      layout_loops_cross, jmf_multi_god_temple2, portal_sewer_entry_f,
          minmay_goblin_kobold_house
D:5:      layout_loops_corners, mainiacjoe_overflow_large_starburst
D:6:      layout_loops_ring
D:7:      layout_basic, minmay_temple_entry_slanted
D:8:      kennysheep_seaside_town, layout_cave_pools, serial_bayou,
          serial_bayou_lagoon_b, serial_bayou_lagoon_a, serial_bayou_pond_e,
          serial_bayou_shore_a, serial_bayou_pond_e, minmay_misc_feat_iff,
          dreamdust_princess_corridor, minivault_25
Temple:   hc_temple_tempest_star

Skill      XL: |  1  2  3  4  5  6  7  8  9 10 |
---------------+-------------------------------+-----
Conjurations   | 2 3 4 5 6 8 10 | 10.6
Fighting       | 1 2 3 5 6 7 8 |  8.0
Air Magic      | 5 6 7 9 11 | 11.2
Armour         | 1 |  1.3
Dodging        | |  2.7
Stealth        | |  2.0
Spellcasting   | |  2.3

Action                   |  1- 3 |  4- 6 |  7- 9 | 10-12 || total
-------------------------+-------+-------+-------+-------++-------
Melee: Unarmed           |    33 |    14 |       |       ||    47
       Peck              |     9 |       |     6 |     5 ||    20
       Kick              |     8 |     1 |    10 |     6 ||    25
       Dagger            |       |       |     6 |       ||     6
       Flail             |       |       |    28 |     8 ||    36
 Cast: Shock             |    61 |   120 |   166 |    23 ||   370
       Static Discharge  |       |    10 |    34 |     8 ||    52
       Swiftness         |       |       |     1 |       ||     1
  Use: Scroll            |       |     5 |     6 |     1 ||    12
       Potion            |       |     4 |     2 |     1 ||     7
 Stab: Sleeping          |       |     1 |     2 |       ||     3
Armor: Robe              |    12 |     9 |     6 |       ||    27
       Steam dragon scal |       |       |    19 |     7 ||    26
Dodge: Dodged            |    62 |    42 |    66 |    28 ||   198

Table legend: (Time is in decaauts)
 A = Elapsed time spent in this place.
 B = Non-inter-level travel time spent in this place.
 C = Inter-level travel time spent in this place.
 D = Time resting spent in this place.
 E = Time spent auto-exploring this place.
 F = Levels seen in this place.
 G = Mean time per level.
                   A        B        C        D        E       F      G
               +--------+--------+--------+--------+--------+-----+--------+
         Total |   9262 |   8984 |    278 |    401 |   7432 |  10 |  926.2 |
       Dungeon |   8813 |   8544 |    269 |    401 |   7077 |   8 | 1101.6 |
        Temple |    122 |    113 |      9 |      0 |     94 |   1 |  122.0 |
         Sewer |    326 |    326 |      0 |      0 |    261 |   1 |  326.0 |
               +--------+--------+--------+--------+--------+-----+--------+

Top non-repeatable levels by time:
     D:7: 1561 daAuts
     D:5: 1422 daAuts
     D:6: 1351 daAuts
     D:1: 1136 daAuts
     D:3: 1043 daAuts
     D:4: 913 daAuts
     D:2: 851 daAuts
     D:8: 534 daAuts
   Sewer: 326 daAuts
  Temple: 122 daAuts
